Construct Section Command Post
Construct Platoon Command Post
Selects Canadian Shock Battlegroup
Selects Incendiary Munitions
Construct Field Infirmary
6-pounder Anti-tank Gun Team
Construct Company Command Post
Selects Offensive Resupply
Selects Canadian Shock Section
Selects Churchill Crocodile Heavy Tank
6-pounder Anti-tank Gun Team
6-pounder Anti-tank Gun Team
Churchill Crocodile Heavy Tank
Unlock M3 Stuart Light Tanks